 Dungeon Crawl Stone Soup version 0.26-a0-597-gb535b0901c (webtiles) character file.

Game seed: 4506911126413785585

150 Cokeysmoke the Gusty (level 5, -4/28 HPs)
             Began as a Deep Elf Air Elementalist on Sept 4, 2020.
             Shot with an arrow by a centaur (13 damage)
             ... on level 3 of the Dungeon.
             The game lasted 00:07:13 (2918 turns).

Cokeysmoke the Gusty (Deep Elf Air Elementalist)    Turns: 2918, Time: 00:07:14

Health: -4/28      AC:  5    Str:  4 (5)  XL:     5   Next: 10%
Magic:  18/22      EV: 13    Int: 18 (21) God:
Gold:   139        SH:  5    Dex: 13 (15) Spells: 11/12 levels left

rFire    . . .     SeeInvis .   d - +0 short sword
rCold    . . .     Faith    .   (no shield)
rNeg     . . .     Spirit   .   e - +0 robe
rPois    .         Reflect  +   (no helmet)
rElec    .         Harm     .   p - +0 cloak
rCorr    .                      l - +0 pair of gloves
MR       .....                  h - +0 pair of boots
Stlth    ++........             b - amulet of reflection
HPRegen  0.09/turn              n - ring of magical power
MPRegen  0.18/turn              (no ring)

@: no status effects
A: no striking features
a: no special abilities


You were on level 3 of the Dungeon.
You visited 1 branch of the dungeon, and saw 3 of its levels.

You collected 139 gold pieces.

Inventory:

Hand Weapons
 d - a +0 short sword (weapon)
Armour
 e - a +0 robe (worn)
 h - a +0 pair of boots (worn)
 l - a +0 pair of gloves (worn)
 p - a +0 cloak (worn)
Jewellery
 b - an amulet of reflection (around neck)
 n - a ring of magical power (left hand)
Scrolls
 f - 2 scrolls of teleportation {unknown}
 g - 2 scrolls of fog {unknown}
 j - 2 scrolls of identify {unknown}
 k - a scroll of enchant armour {unknown}
 m - 2 scrolls of immolation {unknown}
 o - a scroll of fear {unknown}
 s - 3 scrolls of remove curse {unknown}
Potions
 c - a potion of berserk rage {unknown}
 q - a potion of curing {unknown}
 r - a potion of lignification {unknown}
 t - a potion of haste {unknown}


   Skills:
 + Level 3.4 Dodging
 + Level 3.4 Stealth
 + Level 4.0 Spellcasting
 + Level 2.3 Conjurations
 * Level 4.2 Air Magic


You had 11 spell levels left.
You knew the following spells:

 Your Spells              Type           Power        Failure   Level
a - Shock                 Conj/Air       ###.         3%          1

Your spell library contained the following spells:

 Spells                   Type           Power        Failure   Level
 Swiftness                Air            ###.....     4%          2
 Static Discharge         Conj/Air       ###.....     12%         3
 Airstrike                Air            ###.......   26%         4
 Lightning Bolt           Conj/Air       ###.......   71%         5


Dungeon Overview and Level Annotations

Branches:
Dungeon (3/15)

Altars:
Xom
Zin


Message History

Casting: Shock (safe; 3% risk of failure)
Confirm with . or Enter, or press ? or * to list all spells.
Aiming: Shock (safe; 3% risk of failure)
Press: ? - help, Shift-Dir - straight line, f/p - centaur
Aim: a centaur, wielding a +0 shortbow and quivering 16 arrows (heavily wounded)
The zap hits the centaur.
The centaur is severely wounded.
The centaur shoots an arrow.
The arrow hits you!
It was a potion of degeneration.
There was something very wrong with that liquid.
You feel weakened.
You feel dopey.
You feel clumsy.
Casting: Shock (safe; 3% risk of failure)
Confirm with . or Enter, or press ? or * to list all spells.
Aiming: Shock (safe; 3% risk of failure)
Press: ? - help, Shift-Dir - straight line, f/p - centaur
Aim: a centaur, wielding a +0 shortbow and quivering 15 arrows (severely wounded)
The zap hits the centaur.
The centaur is severely wounded.
The centaur shoots an arrow.
The arrow hits you!
You die...

#####. ##.....##.
#........
#.†..>.# .#
#c.....##..
#.#........
#(#†.......#
#.@........+
###(.......#
#........#
#.......^#
#........########
#................
#................
#................
#.............###


You could see a centaur.

Vanquished Creatures
  A centaur skeleton (D:3)
  A worker ant zombie (D:3)
  5 adders
  A worm (D:2)
  A dart slug (D:3)
  2 leopard geckos
  3 giant cockroaches (D:2)
  6 goblins
  4 hobgoblins
  6 jackals
  8 kobolds
  2 quokkas
  A ball python (D:1)
  8 bats
  2 frilled lizards
  9 rats
60 creatures vanquished.

Notes
Turn   | Place    | Note
-------+----------+-------------------------------------------
     0 | D:1      | Cokeysmoke the Deep Elf Air Elementalist began the quest
                  | for the Orb.
     0 | D:1      | Reached XP level 1. HP: 10/10 MP: 6/6
    53 | D:1      | Found a shimmering altar of Xom.
   263 | D:1      | Reached XP level 2. HP: 15/15 MP: 5/8
  1133 | D:2      | Reached XP level 3. HP: 19/19 MP: 1/9
  2291 | D:3      | Reached XP level 4. HP: 15/24 MP: 11/11
  2486 | D:3      | Found a glowing silver altar of Zin.
  2752 | D:3      | Reached XP level 5. HP: 28/28 MP: 12/12
  2906 | D:3      | Noticed a centaur
  2918 | D:3      | Shot with an arrow by a centaur

Illustrated notes

Levels and vault maps discovered:
D:1:      minmay_arrival_doors, layout_loops_cross, xom_teletrap_fun
D:2:      lemuel_upstairs_altar, layout_loops_corners, minmay_increasing_density
D:3:      layout_basic, nicolae_gozag_cash_rules_everything_around_me,
          lemuel_doored_altar, hangedman_decor_diamond_cutter

Skill      XL: |  1  2  3  4  5 |
---------------+----------------+-----
Stealth        | 3 |  3.4
Dodging        | 3 |  3.4
Conjurations   | 2 |  2.3
Air Magic      | 4 |  4.2
Spellcasting   | 4 |  4.0

Action                   |  1- 3 |  4- 6 || total
-------------------------+-------+-------++-------
 Cast: Shock             |    86 |    49 ||   135
  Use: Potion            |       |     3 ||     3
Armor: Robe              |     2 |     4 ||     6
Dodge: Dodged            |    12 |    13 ||    25
Block: Other             |     7 |     3 ||    10
       Reflection        |     2 |     1 ||     3

Table legend: (Time is in decaauts)
 A = Elapsed time spent in this place.
 B = Non-inter-level travel time spent in this place.
 C = Inter-level travel time spent in this place.
 D = Time resting spent in this place.
 E = Time spent auto-exploring this place.
 F = Levels seen in this place.
 G = Mean time per level.
                   A        B        C        D        E       F      G
               +--------+--------+--------+--------+--------+-----+--------+
         Total |   2916 |   2828 |     88 |    110 |   2427 |   3 |  972.0 |
       Dungeon |   2916 |   2828 |     88 |    110 |   2427 |   3 |  972.0 |
               +--------+--------+--------+--------+--------+-----+--------+

Top non-repeatable levels by time:
     D:2: 1437 daAuts
     D:1: 844 daAuts
     D:3: 634 daAuts
